Map: King Sejong Station LE

Players

Cain - Winner!

  • Race: Terran Terran
  • League: Silver

Gracz

  • Race: Zerg Zerg
  • League: Silver

VOD

Have the link to the VOD?

Description

Time

  • Played on: Oct. 8, 2016, 9:32 a.m.
  • Length: 32:13
Show
View Real Time Build Order
Export as new Build Order

Cain Terran - Winner!

Build Orders:  

Get SALT Encoding   

  12  0:05  SCV  
  13  0:16  Supply Depot  
  13  0:18  SCV  
  14  0:30  SCV  
  15  0:39  Barracks  
  15  0:44  Refinery  
  15  0:46  SCV  
  16  0:58  SCV  
  16  1:03  Supply Depot  
  17  1:10  Refinery, SCV  
  18  1:22  SCV  
  19  1:27  Marine  
  20  1:37  SCV  
  21  1:45  Factory, Marine  
  22  1:54  SCV  
  23  2:03  Engineering Bay  
  23  2:05  Marine  
  24  2:23  SCV  
  24  2:26  Marine  
  25  2:51  Marine  
  25  2:53  Hellion  
  27  3:08  Marine, Supply Depot  
  27  3:09  Terran Infantry Weapons Level 1  
  28  3:14  Hellion  
  30  3:31  Missile Turret  
  30  3:32  Barracks Reactor  
  30  3:35  Factory Tech Lab  
  30  3:56  Siege Tank  
  30  3:59  Starport  
  33  4:08  Marine x2  
  35  4:29  Siege Tank  
  38  4:41  Supply Depot  
  38  4:54  Starport Tech Lab  
  38  5:17  Terran Infantry Armor Level 1  
  38  5:19  Banshee  
  41  5:24  Marine x2  
  41  5:27  Siege Tank  
  46  5:35  Cloaking Field, Supply Depot  
  46  5:40  Infernal Pre-Igniter  
  46  5:42  Marine  
  47  5:56  Supply Depot  
  47  5:57  Marine  
  47  6:02  Banshee  
  51  6:11  Armory  
  51  6:33  Supply Depot  
  51  6:45  Viking  
  53  7:08  Command Center  
  53  7:14  Thor  
  59  7:19  Viking  
  61  7:29  Marine x2  
  62  7:34  Terran Vehicle Weapons Level 1  
  63  7:39  Supply Depot  
  63  7:49  Medivac  
  65  8:09  Supply Depot  
  65  8:13  Terran Infantry Weapons Level 2  
  65  8:23  Viking  
  67  8:27  SCV  
  68  8:34  Missile Turret  
  68  8:39  SCV  
  69  8:43  Supply Depot  
  69  8:46  Hellion  
  71  8:52  Banshee  
  71  8:53  Marine  
  75  8:59  SCV  
  76  9:05  Refinery  
  76  9:11  SCV  
  76  9:12  Marine  
  76  9:16  Marine  
  79  9:23  SCV  
  80  9:35  Banshee  
  83  9:39  SCV  
  83  9:43  Refinery  
  84  9:50  Marine x2  
  84  9:51  SCV  
  87  9:57  Supply Depot  
  87  9:58  Terran Vehicle And Ship Armor Level 1  
  87  10:03  SCV  
  88  10:14  Fusion Core  
  88  10:18  Viking  
  90  10:33  Supply Depot  
  90  10:36  SCV  
  91  10:45  Command Center  
  91  10:52  SCV  
  92  10:58  Hellion  
  92  11:03  Terran Infantry Armor Level 2  
  92  11:04  SCV  
  95  11:11  Supply Depot  
  95  11:17  Behemoth Reactor  
  95  11:27  Hyperflight Rotors  
  95  11:45  SCV  
  96  11:57  SCV  
  96  11:58  SCV  
  98  12:04  Missile Turret  
  98  12:08  Supply Depot  
  98  12:09  SCV  
  99  12:16  Battlecruiser  
  99  12:21  SCV  
  106  12:27  Missile Turret  
  106  12:33  SCV  
  107  12:40  Supply Depot  
  107  12:44  Refinery  
  107  12:45  SCV  
  108  12:57  SCV  
  109  13:03  Marine  
  109  13:04  Barracks, Marine  
  111  13:08  Hellion  
  111  13:09  Mag-Field Accelerator  
  111  13:10  SCV  
  114  13:16  Terran Ship Weapons Level 1  
  114  13:19  Banshee  
  114  13:20  Supply Depot  
  114  13:22  SCV  
  118  13:29  Hellbat  
  118  13:34  SCV  
  121  13:45  Terran Infantry Weapons Level 3  
  121  13:46  SCV  
  122  13:53  Supply Depot  
  122  13:54  Weapon Refit  
  122  13:55  Refinery  
  122  13:58  SCV  
  129  14:03  Battlecruiser  
  129  14:08  Barracks Reactor  
  129  14:14  Missile Turret  
  129  14:26  Widow Mine  
  129  14:28  Marine  
  129  14:29  Marine  
  133  14:33  Explosive Shrapnel Shells  
  133  14:43  Starport  
  133  14:53  Marine x2  
  135  15:11  Marine x2  
  137  15:21  Thor  
  143  15:23  Battlecruiser  
  143  15:24  Starport Tech Lab  
  149  15:28  Marine  
  149  15:29  Marine, Starport  
  151  15:46  Marine x2  
  151  15:48  Terran Vehicle Weapons Level 2  
  151  15:49  Supply Depot  
  153  15:52  Marine  
  153  15:53  Marine  
  157  16:04  Hellbat, Marine x2  
  157  16:10  Marine x2  
  128  16:22  Marine x2, Terran Infantry Armor Level 3  
  106  16:35  Marine  
  106  16:36  Marine  
  106  16:39  Thor  
  102  16:53  Marine  
  102  16:54  Marine  
  104  17:11  Marine x2  
  106  17:23  Supply Depot  
  106  17:24  Starport Reactor  
  106  17:26  Battlecruiser  
  106  17:28  Battlecruiser  
  106  17:29  Marine x2  
  115  17:34  Thor  
  114  17:40  Marine x2  
  107  17:58  Marine x2  
  108  18:04  Terran Vehicle And Ship Armor Level 2  
  109  18:11  Supply Depot  
  109  18:16  Marine x2  
  111  18:21  Viking  
  111  18:22  Viking  
  115  18:29  Missile Turret  
  115  18:33  Marine  
  115  18:34  Marine  
  107  18:51  Viking  
  107  18:52  Viking  
  93  19:13  Marine x2  
  95  19:18  Marine x2  
  95  19:23  Hellion  
  99  19:31  Marine x2  
  100  19:34  Refinery  
  100  19:36  Marine x2  
  100  19:38  Missile Turret  
  103  19:40  Refinery  
  103  19:43  Missile Turret  
  103  19:44  Hellbat  
  105  19:48  Marine, Viking  
  105  19:49  Marine, Viking  
  105  19:50  Battlecruiser  
  117  19:54  Battlecruiser, Marine x2  
  117  19:58  Starport  
  125  20:06  Hellbat, Marine x2  
  129  20:11  Marine  
  129  20:12  Marine  
  131  20:44  Marine x2  
  133  20:50  Starport Tech Lab  
  133  20:52  Medivac, Viking  
  133  20:55  Battlecruiser  
  143  20:58  Battlecruiser  
  143  21:01  Hellbat  
  143  21:02  Marine x2  
  143  21:03  Marine x2  
  155  21:19  Marine  
  155  21:20  Marine  
  157  21:31  SCV  
  158  21:37  Marine x2  
  160  21:43  SCV  
  161  21:55  Marine x2, SCV  
  164  22:03  Battlecruiser  
  164  22:05  Battlecruiser  
  164  22:08  SCV  
  177  22:13  Marine x2, Viking x2  
  183  22:18  Corvid Reactor  
  183  22:21  Banshee  
  186  22:24  Hellion  
  188  22:31  Marine x2  
  190  22:50  Terran Ship Weapons Level 2  
  190  22:53  Hi-Sec Auto Tracking  
  177  23:24  Viking x2  
  177  23:26  Battlecruiser  
  187  23:27  Battlecruiser  
  187  23:29  Battlecruiser  
  197  24:18  Hellbat  
  196  25:29  Terran Vehicle Weapons Level 3  
  148  26:35  Thor  
  154  26:41  Marine x2  
  156  26:58  Marine  
  156  26:59  Marine  
  158  27:16  Marine  
  158  27:17  Marine, Thor  
  166  27:34  Marine x2  
  159  28:16  Command Center  
  157  28:23  Raven  
  147  28:27  Raven  
  139  29:14  Marine x2  
  140  29:32  Marine x2  
  142  29:50  Marine x2  
  144  30:07  Marine x2  
  144  30:10  Refinery  
  146  31:02  Refinery  
Show
View Real Time Build Order
Export as new Build Order

Gracz Zerg 

Build Orders: Pool First 

Get SALT Encoding   

  12  0:02  Drone  
  13  0:14  Drone  
  14  0:22  Overlord  
  14  0:36  Spawning Pool  
  13  0:59  Hatchery  
  12  1:06  Drone  
  12  1:08  Drone  
  14  1:12  Drone  
  15  1:24  Zergling x2  
  16  1:31  Extractor, Drone  
  16  1:45  Zergling x2  
  17  1:47  Queen  
  17  1:52  Zergling x2  
  20  2:00  Drone  
  21  2:12  Zergling x2  
  21  2:14  Zergling x2  
  23  2:28  Zergling x4  
  22  3:02  Baneling Nest, Overlord x2  
  21  3:23  Roach Warren  
  20  3:28  Metabolic Boost  
  20  3:32  Zergling x4  
  20  3:33  Zergling x10  
  27  3:45  Baneling  
  27  3:46  Baneling  
  27  3:54  Drone  
  27  3:55  Drone x2  
  30  3:57  Baneling  
  30  4:23  Baneling  
  30  4:24  Baneling x2  
  28  4:37  Roach  
  25  4:51  Drone x3  
  25  4:52  Drone x5  
  33  4:56  Extractor  
  32  5:02  Queen x2  
  32  5:06  Extractor  
  35  5:11  Extractor  
  33  5:22  Drone  
  33  5:23  Drone  
  33  5:24  Overlord x3  
  35  5:34  Evolution Chamber  
  34  5:58  Drone  
  34  5:59  Drone  
  34  6:00  Lair  
  36  6:13  Drone x7  
  41  6:50  Hatchery  
  40  6:58  Hatchery  
  40  7:00  Queen x2  
  43  7:52  Spire  
  43  7:55  Hydralisk Den  
  41  8:10  Roach x11  
  63  8:13  Overlord x4  
  63  8:42  Drone  
  63  8:43  Drone x10  
  74  8:49  Overlord x2  
  74  9:00  Drone  
  74  9:01  Drone x4  
  79  9:10  Drone x4  
  83  9:49  Drone  
  83  9:50  Drone x3  
  87  9:55  Mutalisk x3  
  87  9:56  Mutalisk x9  
  111  10:55  Infestation Pit  
  110  11:03  Zerg Melee Weapons Level 1  
  110  11:04  Evolution Chamber  
  110  11:08  Evolution Chamber  
  110  11:11  Drone x3  
  111  11:13  Overlord x3  
  111  12:00  Mutalisk x12  
  135  12:02  Hatchery  
  135  12:03  Overlord x3  
  135  12:04  Overlord  
  134  12:50  Roach x2  
  134  12:51  Roach x12  
  162  13:01  Extractor  
  162  13:04  Extractor  
  160  13:05  Extractor  
  160  13:08  Extractor  
  158  13:28  Drone x6  
  158  13:34  Zergling x18  
  173  14:03  Overlord  
  173  14:04  Overlord x3  
  173  14:26  Roach  
  173  14:27  Roach x12  
  199  14:32  Zerg Melee Weapons Level 2  
  199  14:33  Zerg Ground Armor Level 1, Zerg Missile Weapons Level 1  
  199  14:35  Glial Reconstitution  
  199  14:43  Muscular Augments  
  199  14:45  Hive  
  197  15:18  Mutalisk  
  199  15:28  Zerg Flyer Weapons Level 1  
  199  15:40  Overseer  
  199  15:41  Overseer x3  
  81  16:44  Mutalisk x15  
  81  16:45  Mutalisk x4  
  107  16:55  Overseer x2  
  107  16:56  Overseer  
  71  17:55  Hydralisk x9  
  71  17:56  Hydralisk x6  
  91  18:18  Mutalisk  
  91  18:19  Mutalisk x3  
  87  18:58  Mutalisk  
  87  18:59  Mutalisk x4  
  85  19:23  Extractor  
  84  19:24  Extractor  
  83  19:32  Overseer x2  
  83  19:34  Mutalisk  
  83  19:35  Mutalisk x3  
  91  19:49  Hydralisk  
  91  19:50  Hydralisk x3  
  99  20:14  Hydralisk x2  
  99  20:15  Hydralisk x3  
  109  20:31  Mutalisk x2  
  113  20:44  Hydralisk x4  
  113  20:45  Hydralisk  
  123  20:58  Hydralisk x4  
  131  21:14  Mutalisk x2  
  131  21:16  Mutalisk  
  137  21:22  Mutalisk  
  139  21:33  Overlord x5  
  139  22:05  Mutalisk x2  
  139  22:06  Mutalisk x5, Extractor x2  
  139  22:07  Hatchery  
  148  22:39  Mutalisk x2  
  148  22:40  Mutalisk x3  
  72  23:11  Mutalisk x4  
  49  23:50  Hydralisk  
  49  23:51  Hydralisk x11  
  73  23:56  Lurker Den  
  55  24:36  Overlord x9  
  50  25:14  Lair  
  47  25:18  Hatchery  
  41  25:24  Lurker x7  
  41  25:25  Lurker  
  46  25:35  Hydralisk x2  
  42  26:23  Hatchery  
  40  26:32  Overlord x3  
  40  26:52  Extractor  
  40  26:53  Extractor, Hatchery  
  35  27:05  Extractor  
  34  27:08  Extractor  
  29  27:59  Hatchery  
  29  28:01  Extractor  
  29  28:02  Extractor  
  26  28:44  Hatchery  
  25  28:54  Drone  
  25  28:55  Spawning Pool  
  1  29:46  Drone x3  
  1  29:48  Drone x3  
  7  30:09  Lair  
  7  31:09  Infestation Pit  
  6  31:25  Drone  
  6  31:26  Queen, Drone x2  
  6  31:31  Spine Crawler  
  10  31:40  Drone  
Tags
 
Add a new tag
Caveats
  • Supply blocks, unpowered buildings, or Contaminate may cause inaccurate times.
  • Supply counts are checked every 10 seconds.